[Event "45th FIDE Womens Olympiad 2024"]
[Site "Budapest"]
[Date "2024.09.14"]
[Round "4.34"]
[White "Salimova, Nurgyul"]
[Black "Omonova, Umida"]
[Result "1/2-1/2"]
[ECO "D02"]
[WhiteElo "2412"]
[BlackElo "2032"]
[Annotator "ChessBase"]
[PlyCount "120"]
[EventDate "2024.09.05"]
[EventType "team-tourn"]
[EventCountry "HUN"]
[SourceTitle "playchess.com"]
[Source "ChessBase"]
[SourceQuality "1"]
[WhiteTeam "Bulgaria"]
[BlackTeam "Uzbekistan"]
[WhiteTeamCountry "BUL"]
[BlackTeamCountry "UZB"]
[TimeControl "40/5400+30:1800+30"]

1. d4 d5 2. Nf3 Nf6 3. Bf4 c5 4. e3 Nc6 5. Nbd2 e6 6. c3 cxd4 7. exd4 Nh5 8. Be3 Bd6 9. Ne5 Nf6 10. Nd3 O-O 11. Be2 Re8 12. Qc2 Qc7 13. f4 Ne7 14. Ne5 b6 15. Bf3 Bb7 16. Bf2 Nd7 17. O-O-O f6 18. Nd3 Bxf4 19. Nxf4 Qxf4 20. Rde1 e5 21. Be3 Qf5 22. Qd1 Qe6 23. dxe5 fxe5 24. Bg4 Qc6 25. Nf3 Ng6 26. h4 Nf6 27. Bf5 Bc8 28. Bc2 Bg4 29. Bg5 d4 30. h5 Nxh5 31. Be4 Qc5 32. Qb3+ Be6 33. Qc2 Ng3 34. Bxg6 hxg6 35. Rxe5 Qd6 36. Rhe1 d3 37. Qd2 Qd7 38. Nd4 Bc4 39. b3 Ba6 40. Bf4 Nh5 41. Bg5 Rxe5 42. Rxe5 Qg4 43. Nf3 Rf8 44. Be7 Re8 45. Qg5 Qf4+ 46. Qxf4 Nxf4 47. Bg5 Ne6 48. Nd4 Kf7 49. Nxe6 Rxe6 50. Rxe6 Kxe6 51. g3 Kf5 52. Bf4 Bb7 53. Kd2 Ke4 54. c4 a6 55. a4 b5 56. cxb5 axb5 57. axb5 Kd5 58. Be3 Bc8 59. Kxd3 Bd7 60. b6 Ke5 1/2-1/2

[Event "45th FIDE Womens Olympiad 2024"]
[Site "Budapest"]
[Date "2024.09.14"]
[Round "4.35"]
[White "Malikova, Marjona"]
[Black "Radeva, Viktoria"]
[Result "1/2-1/2"]
[ECO "E32"]
[WhiteElo "2083"]
[BlackElo "2297"]
[Annotator "ChessBase"]
[PlyCount "75"]
[EventDate "2024.09.05"]
[EventType "team-tourn"]
[EventCountry "HUN"]
[SourceTitle "playchess.com"]
[Source "ChessBase"]
[SourceQuality "1"]
[WhiteTeam "Uzbekistan"]
[BlackTeam "Bulgaria"]
[WhiteTeamCountry "UZB"]
[BlackTeamCountry "BUL"]
[TimeControl "40/5400+30:1800+30"]

1. d4 Nf6 2. c4 e6 3. Nc3 Bb4 4. Qc2 d6 5. Nf3 Nbd7 6. g3 e5 7. dxe5 dxe5 8. Bg2 O-O 9. O-O c6 10. a3 Be7 11. b3 Re8 12. Bb2 Qc7 13. Rfd1 Bf8 14. Nd2 a5 15. Rac1 Nc5 16. h3 Bd7 17. e3 Rad8 18. b4 axb4 19. axb4 Na6 20. b5 Nc5 21. Nb3 Nxb3 22. Qxb3 Be6 23. bxc6 bxc6 24. Qa4 Rxd1+ 25. Rxd1 Rb8 26. Rd2 Bd7 27. Ba3 Bxa3 28. Qxa3 Qc8 29. Qd6 Ra8 30. Kh2 Qe8 31. Qc7 Rc8 32. Qd6 Ra8 33. Ne4 Nxe4 34. Bxe4 Ra7 35. Rb2 Ra8 36. Rd2 Ra7 37. Rb2 Ra8 38. Rd2 1/2-1/2

[Event "45th FIDE Womens Olympiad 2024"]
[Site "Budapest"]
[Date "2024.09.14"]
[Round "4.36"]
[White "Peycheva, Gergana"]
[Black "Nadirjanova, Nodira"]
[Result "1/2-1/2"]
[ECO "D10"]
[WhiteElo "2248"]
[BlackElo "2059"]
[Annotator "ChessBase"]
[PlyCount "130"]
[EventDate "2024.09.05"]
[EventType "team-tourn"]
[EventCountry "HUN"]
[SourceTitle "playchess.com"]
[Source "ChessBase"]
[SourceQuality "1"]
[WhiteTeam "Bulgaria"]
[BlackTeam "Uzbekistan"]
[WhiteTeamCountry "BUL"]
[BlackTeamCountry "UZB"]
[TimeControl "40/5400+30:1800+30"]

1. d4 d5 2. c4 c6 3. Nc3 Nf6 4. e3 Bf5 5. f3 h5 6. Bd3 Bxd3 7. Qxd3 Nbd7 8. cxd5 cxd5 9. e4 e6 10. Nge2 Nb6 11. O-O Be7 12. Bf4 O-O 13. Rac1 a6 14. Rc2 Qd7 15. Bg5 Rfc8 16. e5 Ne8 17. Bxe7 Qxe7 18. Rfc1 Rc7 19. Nf4 h4 20. g3 Rac8 21. Ng2 hxg3 22. hxg3 Nc4 23. Nf4 Qg5 24. Kf2 g6 25. Nd1 Qe7 26. b3 Na3 27. Rxc7 Rxc7 28. Rxc7 Nxc7 29. Ne3 Ncb5 30. Ng4 Qb4 31. Ne2 Kf8 32. Ne3 Na7 33. Nc2 Nxc2 34. Qxc2 Nc6 35. Ke3 Kg7 36. Qc1 a5 37. Qc3 Qa3 38. Nc1 Nb4 39. Qd2 a4 40. Ke2 Nc6 41. bxa4 Nxd4+ 42. Qxd4 Qxc1 43. g4 Qc2+ 44. Ke3 Qxa2 45. Qf4 Kg8 46. Kd3 Qb2 47. Qf6 Qb3+ 48. Ke2 Qc4+ 49. Kf2 Qc7 50. Ke3 Kf8 51. Kf2 Ke8 52. Kg2 Qe7 53. Qh8+ Qf8 54. Qh1 Qb4 55. Qh8+ Qf8 56. Qh1 g5 57. Qc1 Qb4 58. Qc8+ Ke7 59. Qc7+ Ke8 60. Qc8+ Ke7 61. Qc7+ Kf8 62. Qd8+ Kg7 63. Qxg5+ Kf8 64. Qd8+ Kg7 65. Qf6+ Kf8 1/2-1/2

[Event "45th FIDE Womens Olympiad 2024"]
[Site "Budapest"]
[Date "2024.09.14"]
[Round "4.37"]
[White "Dzagnidze, Nana"]
[Black "Tsolakidou, Stavroula"]
[Result "1/2-1/2"]
[ECO "E67"]
[WhiteElo "2508"]
[BlackElo "2444"]
[Annotator "ChessBase"]
[PlyCount "93"]
[EventDate "2024.09.05"]
[EventType "team-tourn"]
[EventCountry "HUN"]
[SourceTitle "playchess.com"]
[Source "ChessBase"]
[SourceQuality "1"]
[WhiteTeam "Georgia"]
[BlackTeam "Greece"]
[WhiteTeamCountry "GEO"]
[BlackTeamCountry "GRE"]
[TimeControl "40/5400+30:1800+30"]

1. d4 Nf6 2. c4 g6 3. Nc3 Bg7 4. Nf3 O-O 5. g3 d6 6. Bg2 Nbd7 7. O-O e5 8. h3 Re8 9. e4 b6 10. Be3 exd4 11. Nxd4 Bb7 12. f3 c6 13. Bf2 a6 14. a4 a5 15. f4 Qc7 16. Qc2 Nc5 17. Rad1 Rad8 18. g4 Nfd7 19. g5 Na6 20. h4 Nb4 21. Qb1 Ba6 22. b3 d5 23. exd5 Qxf4 24. dxc6 Nc5 25. Nde2 Qg4 26. Rxd8 Rxd8 27. Bxc5 bxc5 28. Qe4 Qxe4 29. Nxe4 Nxc6 30. Nf6+ Bxf6 31. Rxf6 Nb4 32. Nc3 Bc8 33. Ne4 Nd3 34. Rd6 Rxd6 35. Nxd6 Bg4 36. Nb7 Bd1 37. Nxa5 Nc1 38. Nb7 Bxb3 39. a5 Bxc4 40. Nxc5 Ne2+ 41. Kf2 Nd4 42. a6 Bxa6 43. Nxa6 Nf5 44. Nc7 Nxh4 45. Bd5 Nf5 46. Ne8 h6 47. gxh6 1/2-1/2

[Event "45th FIDE Womens Olympiad 2024"]
[Site "Budapest"]
[Date "2024.09.14"]
[Round "4.38"]
[White "Avramidou, Anastasia"]
[Black "Javakhishvili, Lela"]
[Result "1/2-1/2"]
[ECO "E11"]
[WhiteElo "2290"]
[BlackElo "2446"]
[Annotator "ChessBase"]
[PlyCount "79"]
[EventDate "2024.09.05"]
[EventType "team-tourn"]
[EventCountry "HUN"]
[SourceTitle "playchess.com"]
[Source "ChessBase"]
[SourceQuality "1"]
[WhiteTeam "Greece"]
[BlackTeam "Georgia"]
[WhiteTeamCountry "GRE"]
[BlackTeamCountry "GEO"]
[TimeControl "40/5400+30:1800+30"]

1. d4 Nf6 2. c4 e6 3. Nf3 d5 4. g3 Bb4+ 5. Bd2 a5 6. Bg2 O-O 7. O-O dxc4 8. Qc2 b5 9. a4 Bxd2 10. Nfxd2 c6 11. axb5 Nd5 12. Qxc4 cxb5 13. Qxb5 Ba6 14. Qxa5 Nc6 15. Qxd8 Rfxd8 16. Nb3 Bxe2 17. Rxa8 Rxa8 18. Rc1 Nce7 19. Nc3 Bg4 20. Nxd5 Nxd5 21. Nc5 h5 22. Be4 Be2 23. Nd3 Rb8 24. Bxd5 Bxd3 25. Bf3 Bg6 26. Rc5 h4 27. gxh4 Rxb2 28. h5 Bf5 29. Kg2 Rd2 30. d5 exd5 31. Rxd5 Rxd5 32. Bxd5 Bg4 33. Bf3 Be6 34. Kg3 Kh7 35. Kh4 Kh6 36. Be2 f6 37. Bf3 Bf7 38. Be2 Be6 39. Bf3 Bf7 40. Be2 1/2-1/2

[Event "45th FIDE Womens Olympiad 2024"]
[Site "Budapest"]
[Date "2024.09.14"]
[Round "4.39"]
[White "Batsiashvili, Nino"]
[Black "Pavlidou, Ekaterini"]
[Result "1-0"]
[ECO "A46"]
[WhiteElo "2461"]
[BlackElo "2141"]
[Annotator "ChessBase"]
[PlyCount "159"]
[EventDate "2024.09.05"]
[EventType "team-tourn"]
[EventCountry "HUN"]
[SourceTitle "playchess.com"]
[Source "ChessBase"]
[SourceQuality "1"]
[WhiteTeam "Georgia"]
[BlackTeam "Greece"]
[WhiteTeamCountry "GEO"]
[BlackTeamCountry "GRE"]
[TimeControl "40/5400+30:1800+30"]

1. d4 Nf6 2. Nf3 e6 3. Bf4 c5 4. e3 Nh5 5. Bg5 Qb6 6. Nbd2 h6 7. Bh4 cxd4 8. Nxd4 g5 9. Nc4 Qc5 10. Qxh5 gxh4 11. Qxc5 Bxc5 12. Nb5 Na6 13. Ncd6+ Ke7 14. O-O-O Bb6 15. Be2 Nc5 16. a3 a6 17. Nc4 Bd8 18. Nbd6 f6 19. Bf3 Rb8 20. b4 Na4 21. Rd4 b5 22. Nb2 Nb6 23. Rhd1 Bc7 24. Nxc8+ Rbxc8 25. Rxh4 Be5 26. Nd3 d5 27. Nxe5 fxe5 28. e4 d4 29. Be2 Rhf8 30. f4 exf4 31. Rxd4 e5 32. Rd3 Rc6 33. Rh5 Nc4 34. Rc3 Rg8 35. Bxc4 Rxc4 36. Rxc4 bxc4 37. Rxe5+ Kd6 38. Rf5 Rxg2 39. h4 Rf2 40. Kb2 Rf3 41. h5 Ke6 42. a4 Ke7 43. b5 axb5 44. axb5 Kd6 45. b6 Kc6 46. Rf6+ Kb7 47. Rxh6 Rh3 48. Rf6 Rxh5 49. Ka3 Rb5 50. Rxf4 Kxb6 51. Rf6+ Kb7 52. Rf5 Rb1 53. Rc5 Kb6 54. Rxc4 Kb5 55. Rd4 Kc5 56. c3 Re1 57. Kb3 Re2 58. Rc4+ Kb5 59. Rb4+ Kc5 60. Rd4 Kb5 61. c4+ Kc6 62. Kc3 Re3+ 63. Kd2 Rh3 64. Rd3 Rh2+ 65. Kc3 Kc5 66. Rd5+ Kc6 67. Kd4 Rd2+ 68. Ke5 Rc2 69. Rd6+ Kc7 70. Rd4 Kc6 71. Ke6 Kc5 72. Rd8 Re2 73. e5 Kxc4 74. Kf6 Rf2+ 75. Ke7 Kc5 76. e6 Kc6 77. Ke8 Kc7 78. e7 Rf1 79. Rd4 Ra1 80. Rf4 1-0

[Event "45th FIDE Womens Olympiad 2024"]
[Site "Budapest"]
[Date "2024.09.14"]
[Round "4.40"]
[White "Markantonaki, Haritomeni"]
[Black "Melia, Salome"]
[Result "0-1"]
[ECO "B31"]
[WhiteElo "2179"]
[BlackElo "2293"]
[Annotator "ChessBase"]
[PlyCount "78"]
[EventDate "2024.09.05"]
[EventType "team-tourn"]
[EventCountry "HUN"]
[SourceTitle "playchess.com"]
[Source "ChessBase"]
[SourceQuality "1"]
[WhiteTeam "Greece"]
[BlackTeam "Georgia"]
[WhiteTeamCountry "GRE"]
[BlackTeamCountry "GEO"]
[TimeControl "40/5400+30:1800+30"]

1. e4 c5 2. Nf3 Nc6 3. Bb5 g6 4. O-O Bg7 5. c3 Nf6 6. Re1 O-O 7. h3 e5 8. d3 d6 9. Nbd2 Qc7 10. a3 a6 11. Ba4 b5 12. Bc2 h6 13. b4 Be6 14. Bb2 Nh5 15. Nf1 Nf4 16. Ne3 Rfd8 17. d4 exd4 18. cxd4 Qa7 19. Qd2 Nxd4 20. Nxd4 cxd4 21. Nf1 Be5 22. Rad1 d3 23. Bb1 Ne2+ 24. Rxe2 dxe2 25. Qxe2 Qe7 26. Ne3 Qf6 27. Bc1 Rac8 28. g3 Rc3 29. Kg2 Rdc8 30. Bd2 Rxa3 31. f4 Bd4 32. f5 Bc4 33. Nxc4 bxc4 34. Bxh6 Be5 35. Bf4 Bxf4 36. gxf4 Qh4 37. Qg4 Qxg4+ 38. hxg4 c3 39. Rc1 c2 0-1

[Event "45th FIDE Womens Olympiad 2024"]
[Site "Budapest"]
[Date "2024.09.14"]
[Round "4.41"]
[White "Bulmaga, Irina"]
[Black "Kashlinskaya, Alina"]
[Result "1/2-1/2"]
[ECO "C55"]
[WhiteElo "2406"]
[BlackElo "2490"]
[Annotator "ChessBase"]
[PlyCount "132"]
[EventDate "2024.09.05"]
[EventType "team-tourn"]
[EventCountry "HUN"]
[SourceTitle "playchess.com"]
[Source "ChessBase"]
[SourceQuality "1"]
[WhiteTeam "Romania"]
[BlackTeam "Poland"]
[WhiteTeamCountry "ROU"]
[BlackTeamCountry "POL"]
[TimeControl "40/5400+30:1800+30"]

1. e4 e5 2. Nf3 Nc6 3. Bc4 Nf6 4. d3 Be7 5. Nc3 O-O 6. a3 d6 7. Be3 Nd7 8. Ba2 Nb6 9. Ne2 Kh8 10. h4 f5 11. Ng5 Bxg5 12. hxg5 Qe8 13. exf5 Bxf5 14. Ng3 Bg6 15. Qg4 Nd4 16. O-O-O c5 17. Rh2 d5 18. Rdh1 Kg8 19. Ne4 Qc8 20. Qxc8 Raxc8 21. Nc3 c4 22. Kd2 Nxc2 23. Bxb6 axb6 24. Kxc2 Rxf2+ 25. Kc1 cxd3 26. Bxd5+ Bf7 27. Bxf7+ Kxf7 28. g3 Rf3 29. Kd2 Rxg3 30. Rh3 Rg2+ 31. Kxd3 Rxb2 32. Rb1 Rxc3+ 33. Kxc3 Rxb1 34. Rxh7 Kg6 35. Rh2 Kxg5 36. Rg2+ Kf6 37. Rf2+ Ke6 38. Rg2 Rc1+ 39. Kd3 Rc7 40. Rg6+ Kd5 41. Rxb6 e4+ 42. Ke3 Rc3+ 43. Ke2 Rxa3 44. Rxb7 g5 45. Rb5+ Kd4 46. Rxg5 Ra2+ 47. Ke1 Kd3 48. Re5 Ke3 49. Kf1 Ra1+ 50. Kg2 Re1 51. Ra5 Rd1 52. Re5 Rd8 53. Kf1 Rf8+ 54. Ke1 Ra8 55. Kf1 Ra1+ 56. Kg2 Kd3 57. Kf2 Ra2+ 58. Kf1 Ra7 59. Kf2 Rf7+ 60. Ke1 Ke3 61. Ra5 Rd7 62. Ra8 Rd3 63. Rh8 Rc3 64. Rh3+ Kd4 65. Rxc3 Kxc3 66. Ke2 Kd4 1/2-1/2

[Event "45th FIDE Womens Olympiad 2024"]
[Site "Budapest"]
[Date "2024.09.14"]
[Round "4.42"]
[White "Socko, Monika"]
[Black "Sandu, Mihaela"]
[Result "1-0"]
[ECO "E21"]
[WhiteElo "2422"]
[BlackElo "2248"]
[Annotator "ChessBase"]
[PlyCount "87"]
[EventDate "2024.09.05"]
[EventType "team-tourn"]
[EventCountry "HUN"]
[SourceTitle "playchess.com"]
[Source "ChessBase"]
[SourceQuality "1"]
[WhiteTeam "Poland"]
[BlackTeam "Romania"]
[WhiteTeamCountry "POL"]
[BlackTeamCountry "ROU"]
[TimeControl "40/5400+30:1800+30"]

1. d4 Nf6 2. c4 e6 3. Nc3 Bb4 4. Bd2 b6 5. a3 Bxc3 6. Bxc3 O-O 7. Nf3 Ne4 8. Qc2 Bb7 9. e3 Nxc3 10. Qxc3 d6 11. h4 Nd7 12. O-O-O a5 13. Bd3 Bxf3 14. gxf3 Qf6 15. Qc2 Qh6 16. f4 c5 17. Be4 Rac8 18. d5 e5 19. Bf5 Rcd8 20. Bxd7 Rxd7 21. fxe5 dxe5 22. Qf5 Qd6 23. Rhg1 f6 24. h5 a4 25. Rg4 Kh8 26. Qc2 Ra7 27. f4 exf4 28. Rxf4 Re8 29. h6 gxh6 30. Qf5 Rf7 31. Qh5 Ref8 32. Qxh6 Rg7 33. Re4 Rg6 34. Qh5 Rfg8 35. Re6 Qg3 36. Rh1 R6g7 37. Qf5 Qg2 38. Rd1 Qe2 39. Qxf6 Qxc4+ 40. Kb1 Qb3 41. Rh1 Qd3+ 42. Ka1 Qg6 43. Qe5 Qd3 44. Rg1 1-0

[Event "45th FIDE Womens Olympiad 2024"]
[Site "Budapest"]
[Date "2024.09.14"]
[Round "4.43"]
[White "Lehaci, Miruna-Daria"]
[Black "Kiolbasa, Oliwia"]
[Result "1/2-1/2"]
[ECO "B67"]
[WhiteElo "2180"]
[BlackElo "2348"]
[Annotator "ChessBase"]
[PlyCount "65"]
[EventDate "2024.09.05"]
[EventType "team-tourn"]
[EventCountry "HUN"]
[SourceTitle "playchess.com"]
[Source "ChessBase"]
[SourceQuality "1"]
[WhiteTeam "Romania"]
[BlackTeam "Poland"]
[WhiteTeamCountry "ROU"]
[BlackTeamCountry "POL"]
[TimeControl "40/5400+30:1800+30"]

1. e4 c5 2. Nf3 d6 3. d4 cxd4 4. Nxd4 Nf6 5. Nc3 Nc6 6. Bg5 e6 7. Qd2 a6 8. O-O-O Bd7 9. Nxc6 Bxc6 10. f3 Be7 11. Be3 h5 12. Kb1 b5 13. Ne2 Rc8 14. Nd4 Bb7 15. Rc1 Nd7 16. c4 bxc4 17. Bxc4 d5 18. exd5 Nb6 19. Nc6 Nxc4 20. Rxc4 Qxd5 21. Nxe7 Qxd2 22. Rxc8+ Kxe7 23. Rc7+ Qd7 24. Rxd7+ Kxd7 25. Rd1+ Bd5 26. h4 Rc8 27. b3 Ke7 28. Kb2 f6 29. Rd4 Kd6 30. Rb4 e5 31. Rb6+ Rc6 32. Rxc6+ Kxc6 33. Kc3 1/2-1/2

[Event "45th FIDE Womens Olympiad 2024"]
[Site "Budapest"]
[Date "2024.09.14"]
[Round "4.44"]
[White "Sliwicka, Alicja"]
[Black "Ciolacu, Alessia-Mihaela"]
[Result "1-0"]
[ECO "C54"]
[WhiteElo "2373"]
[BlackElo "2160"]
[Annotator "ChessBase"]
[PlyCount "97"]
[EventDate "2024.09.05"]
[EventType "team-tourn"]
[EventCountry "HUN"]
[SourceTitle "playchess.com"]
[Source "ChessBase"]
[SourceQuality "1"]
[WhiteTeam "Poland"]
[BlackTeam "Romania"]
[WhiteTeamCountry "POL"]
[BlackTeamCountry "ROU"]
[TimeControl "40/5400+30:1800+30"]

1. e4 e5 2. Nf3 Nc6 3. Bc4 Bc5 4. d3 Nf6 5. Bg5 d6 6. c3 h6 7. Bh4 a5 8. a4 Ba7 9. Nbd2 O-O 10. O-O Qe7 11. Re1 Be6 12. Bb5 Nb8 13. d4 Bg4 14. h3 Bh5 15. g4 Bg6 16. Nf1 c6 17. Bd3 Nbd7 18. Ng3 Qe6 19. Nf5 Nb6 20. Bg3 Bb8 21. Bc2 Re8 22. Bb3 Qd7 23. dxe5 dxe5 24. Qe2 Bc7 25. Rad1 Qc8 26. N3h4 Bh7 27. Rd2 Qb8 28. Red1 c5 29. Ba2 Ra6 30. f3 Bxf5 31. Nxf5 Nh7 32. Bf2 Ng5 33. Kh2 Nxa4 34. h4 Ne6 35. Bc4 Nf4 36. Bxf7+ Kxf7 37. Qc4+ Ne6 38. Rd7+ Kf8 39. Qxa4 b5 40. Qa2 c4 41. b3 Rc6 42. bxc4 Rxc4 43. Qd2 Rd8 44. Nxg7 Nd4 45. Ne6+ Ke8 46. Rxd8+ Qxd8 47. cxd4 exd4+ 48. Nxc7+ Qxc7+ 49. Kg2 1-0

[Event "45th FIDE Womens Olympiad 2024"]
[Site "Budapest"]
[Date "2024.09.14"]
[Round "4.45"]
[White "Unuk, Laura"]
[Black "Mammadzada, Gunay"]
[Result "0-1"]
[ECO "D02"]
[WhiteElo "2316"]
[BlackElo "2433"]
[Annotator "ChessBase"]
[PlyCount "98"]
[EventDate "2024.09.05"]
[EventType "team-tourn"]
[EventCountry "HUN"]
[SourceTitle "playchess.com"]
[Source "ChessBase"]
[SourceQuality "1"]
[WhiteTeam "Slovenia"]
[BlackTeam "Azerbaijan"]
[WhiteTeamCountry "SLO"]
[BlackTeamCountry "AZE"]
[TimeControl "40/5400+30:1800+30"]

1. d4 Nf6 2. Nf3 d5 3. Bf4 e6 4. e3 c5 5. Nbd2 Qb6 6. a4 Nc6 7. dxc5 Bxc5 8. Nb3 Be7 9. Ne5 O-O 10. a5 Qd8 11. Bd3 Bd6 12. Nxc6 bxc6 13. O-O Rb8 14. Bg3 e5 15. c4 Bg4 16. f3 Be6 17. c5 Bc7 18. Bc2 Qc8 19. Bh4 Nd7 20. f4 f5 21. Bg3 g6 22. Ra3 Rb5 23. Bd3 Rb8 24. Bc2 Qd8 25. fxe5 Nxe5 26. Nd4 Bd7 27. Ba4 Qf6 28. Rb3 h5 29. Qe1 Rxb3 30. Bxb3 Nd3 31. Qc3 Bxg3 32. Qxd3 Bc7 33. Nb5 Bb8 34. g3 h4 35. gxh4 Qxh4 36. Rf2 Qb4 37. Bxd5+ cxd5 38. Qxd5+ Rf7 39. c6 Bc8 40. c7 Bxc7 41. Nxc7 Bb7 42. Qd8+ Kh7 43. Rd2 Qg4+ 44. Kf1 Qh3+ 45. Ke1 Qxe3+ 46. Kd1 Bf3+ 47. Kc1 Qc5+ 48. Rc2 Qg1+ 49. Kd2 Qd1+ 0-1

[Event "45th FIDE Womens Olympiad 2024"]
[Site "Budapest"]
[Date "2024.09.14"]
[Round "4.46"]
[White "Fataliyeva, Ulviyya"]
[Black "Urh, Zala"]
[Result "1/2-1/2"]
[ECO "A16"]
[WhiteElo "2378"]
[BlackElo "2251"]
[Annotator "ChessBase"]
[PlyCount "95"]
[EventDate "2024.09.05"]
[EventType "team-tourn"]
[EventCountry "HUN"]
[SourceTitle "playchess.com"]
[Source "ChessBase"]
[SourceQuality "1"]
[WhiteTeam "Azerbaijan"]
[BlackTeam "Slovenia"]
[WhiteTeamCountry "AZE"]
[BlackTeamCountry "SLO"]
[TimeControl "40/5400+30:1800+30"]

1. Nf3 Nf6 2. c4 g6 3. Nc3 Bg7 4. e4 e5 5. Nxe5 O-O 6. Nf3 Re8 7. d3 d5 8. cxd5 Nxd5 9. Nxd5 Qxd5 10. Be2 Qd6 11. O-O c5 12. Nd2 Nc6 13. f4 Nd4 14. Nc4 Qe7 15. Be3 Be6 16. Rc1 Rad8 17. b3 b6 18. Bxd4 Bxd4+ 19. Kh1 b5 20. Nd2 a5 21. Rc2 f5 22. Qe1 Ra8 23. Nf3 Red8 24. Nxd4 Rxd4 25. Bf3 Ra7 26. Qc3 a4 27. b4 fxe4 28. Bxe4 Rxb4 29. Re1 Qd6 30. Rce2 Bf7 31. f5 gxf5 32. Bxf5 Rh4 33. h3 Qd4 34. Qc1 Rh5 35. Re4 Qf2 36. Rg4+ Bg6 37. Bxg6 hxg6 38. Rf1 Qxa2 39. Qf4 Rg7 40. Qb8+ Kh7 41. Qxb5 a3 42. Qc4 Qxc4 43. Rxc4 Ra7 44. Ra1 a2 45. Rc2 Rd5 46. Rcxa2 Rxa2 47. Rxa2 Rxd3 48. Rc2 1/2-1/2

[Event "45th FIDE Womens Olympiad 2024"]
[Site "Budapest"]
[Date "2024.09.14"]
[Round "4.46"]
[White "Henry, Zahidu"]
[Black "Kouassi Edichy Berenice"]
[Result "0-1"]
[ECO "D02"]
[WhiteElo "1450"]
[BlackElo "1528"]
[PlyCount "78"]
[EventDate "2024.09.05"]
[EventType "team-tourn"]
[EventCountry "HUN"]
[WhiteTeam "Dominica"]
[BlackTeam "Cote d/^Ivoire"]
[WhiteTeamCountry "DMA"]
[TimeControl "40/5400+30:1800+30"]

1. d4 d5 2. Bf4 c6 3. e3 Bf5 4. Nf3 Nf6 5. Be2 e6 6. O-O Be7 7. Nbd2 O-O 8. c3 Nbd7 9. Nh4 Ne4 10. Nxf5 exf5 11. Qc2 Ndf6 12. f3 Nxd2 13. Qxd2 Nh5 14. Bd3 Nxf4 15. exf4 Qd7 16. h3 Rae8 17. Rae1 Bh4 18. Re2 Bg3 19. Qc2 g6 20. Qd2 Qd6 21. Re5 Qf6 22. Qe2 Rxe5 23. fxe5 Qh4 24. f4 Bxf4 25. Qf2 Bg3 26. Qf3 f4 27. c4 Qd8 28. c5 Re8 29. Qg4 Kg7 30. Rxf4 Bxf4 31. Qxf4 f6 32. exf6+ Qxf6 33. Qg4 Re3 34. Bc2 Re1+ 35. Kh2 Rf1 36. Bd3 Qf4+ 37. Qg3 Rh1+ 38. Kxh1 Qxg3 39. Be2 Qe1+ {0-} 0-1

[Event "45th FIDE Womens Olympiad 2024"]
[Site "Budapest"]
[Date "2024.09.14"]
[Round "4.47"]
[White "Janzelj, Lara"]
[Black "Beydullayeva, Govhar"]
[Result "0-1"]
[ECO "E11"]
[WhiteElo "2193"]
[BlackElo "2395"]
[Annotator "ChessBase"]
[PlyCount "74"]
[EventDate "2024.09.05"]
[EventType "team-tourn"]
[EventCountry "HUN"]
[SourceTitle "playchess.com"]
[Source "ChessBase"]
[SourceQuality "1"]
[WhiteTeam "Slovenia"]
[BlackTeam "Azerbaijan"]
[WhiteTeamCountry "SLO"]
[BlackTeamCountry "AZE"]
[TimeControl "40/5400+30:1800+30"]

1. d4 Nf6 2. c4 e6 3. Nf3 d5 4. g3 Bb4+ 5. Bd2 Be7 6. Bg2 O-O 7. O-O Nbd7 8. Qc2 c6 9. Rd1 a5 10. b3 b6 11. Bf4 Ba6 12. Nbd2 Nh5 13. Ne5 Nxf4 14. gxf4 Rc8 15. Kh1 Nf6 16. e3 c5 17. dxc5 Bxc5 18. Ndf3 Ne4 19. Nd4 Qh4 20. Bxe4 dxe4 21. Nd7 Rfd8 22. Nxc5 bxc5 23. Nb5 Rd3 24. Rg1 Rcd8 25. Rg3 g6 26. Rf1 Qh5 27. Kg2 e5 28. fxe5 Qxe5 29. Qc1 Bc8 30. Qa3 h5 31. h4 Bg4 32. Qxa5 Bf3+ 33. Kh2 Rd1 34. Nd4 R8xd4 35. exd4 Rxf1 36. Qd8+ Kg7 37. dxe5 Rh1# 0-1

[Event "45th FIDE Womens Olympiad 2024"]
[Site "Budapest"]
[Date "2024.09.14"]
[Round "4.48"]
[White "Mammadova, Gulnar"]
[Black "Vidic, Teja"]
[Result "1/2-1/2"]
[ECO "C77"]
[WhiteElo "2336"]
[BlackElo "2128"]
[Annotator "ChessBase"]
[PlyCount "120"]
[EventDate "2024.09.05"]
[EventType "team-tourn"]
[EventCountry "HUN"]
[SourceTitle "playchess.com"]
[Source "ChessBase"]
[SourceQuality "1"]
[WhiteTeam "Azerbaijan"]
[BlackTeam "Slovenia"]
[WhiteTeamCountry "AZE"]
[BlackTeamCountry "SLO"]
[TimeControl "40/5400+30:1800+30"]

1. e4 e5 2. Nf3 Nc6 3. Bb5 a6 4. Ba4 Nf6 5. O-O Be7 6. d3 b5 7. Bb3 d6 8. a3 O-O 9. Nc3 Na5 10. Ba2 Be6 11. b4 Bxa2 12. Nxa2 Nc6 13. c4 Nd4 14. Bb2 Nxf3+ 15. Qxf3 c6 16. Rfd1 Qc8 17. Rac1 Qe6 18. Nc3 Nd7 19. Ne2 Rac8 20. Qe3 f5 21. exf5 Qxf5 22. Ng3 Qf7 23. Rc2 c5 24. bxc5 Rxc5 25. Ne4 Rc7 26. Rcd2 Qf4 27. Qe2 Nb6 28. cxb5 axb5 29. Nc3 b4 30. g3 Qf7 31. axb4 Bg5 32. Rc2 Rfc8 33. Qg4 Qb3 34. Qxg5 Qxc2 35. Rd2 Qb3 36. Ne4 Na4 37. Nxd6 Nxb2 38. Nxc8 Rxc8 39. Qxe5 Na4 40. d4 h6 41. d5 Rc1+ 42. Kg2 Qxb4 43. Rd4 Qb5 44. Qe6+ Kh8 45. Qf5 Qf1+ 46. Kf3 Rc3+ 47. Kg4 Qe2+ 48. Kh3 Rf3 49. Qg4 Nc5 50. d6 Nd7 51. Qe4 Qxf2 52. Rd1 Rf8 53. Qe6 Qf5+ 54. Qxf5 Rxf5 55. Kg4 g6 56. Re1 Ne5+ 57. Kh3 Kg7 58. g4 Rg5 59. d7 Nxd7 60. Re7+ Kf6 1/2-1/2

[Event "45th FIDE Womens Olympiad 2024"]
[Site "Budapest"]
[Date "2024.09.14"]
[Round "4.49"]
[White "Francisco Guecamburu, Candela Be"]
[Black "Wagner, Dinara"]
[Result "1/2-1/2"]
[ECO "B55"]
[WhiteElo "2294"]
[BlackElo "2452"]
[Annotator "ChessBase"]
[PlyCount "76"]
[EventDate "2024.09.05"]
[EventType "team-tourn"]
[EventCountry "HUN"]
[SourceTitle "playchess.com"]
[Source "ChessBase"]
[SourceQuality "1"]
[WhiteTeam "Argentina"]
[BlackTeam "Germany"]
[WhiteTeamCountry "ARG"]
[BlackTeamCountry "GER"]
[TimeControl "40/5400+30:1800+30"]

1. e4 c5 2. Nf3 d6 3. d4 cxd4 4. Nxd4 Nf6 5. Bd3 Nc6 6. Be3 e5 7. Nxc6 bxc6 8. c4 Be7 9. Nc3 O-O 10. O-O Be6 11. h3 d5 12. cxd5 cxd5 13. exd5 Nxd5 14. Nxd5 Qxd5 15. b3 Rfd8 16. Bc4 Qc6 17. Qe2 Bxc4 18. Qxc4 Qxc4 19. bxc4 Rdc8 20. Rfd1 Rxc4 21. Rd7 Bf8 22. Rxa7 Rxa7 23. Bxa7 Ra4 24. Be3 f5 25. Rc1 Rxa2 26. Bc5 Ra8 27. Bxf8 Rxf8 28. Rc5 e4 29. g3 g6 30. f3 Re8 31. Kf2 Rb8 32. fxe4 fxe4 33. Re5 Rb2+ 34. Ke3 Rb3+ 35. Kf2 Rb2+ 36. Ke3 Rb3+ 37. Kf2 Rb4 38. Ke3 Rb3+ 1/2-1/2